 Dungeon Crawl Stone Soup version 0.26.0-3-g156281e41b (webtiles) character file.

Game seed: 13831536977444900608

58 Destapler the Covered (level 3, 0/34 HPs)
             Began as a Minotaur Fighter on Jan 9, 2021.
             Was a Follower of Qazlal.
             Slain by a gnoll
             ... wielding a +1 spear of freezing
              (7 damage)
             ... on level 3 of the Dungeon.
             The game lasted 00:02:47 (1886 turns).

Destapler the Covered (Minotaur Fighter)            Turns: 1886, Time: 00:02:47

Health: 0/34       AC:  7    Str: 21    XL:     3   Next: 75%
Magic:  2/2        EV:  7    Int:  5    God:    Qazlal [*.....]
Gold:   161        SH: 11    Dex:  9    Spells: 2/2 levels left

rFire    + . .     SeeInvis .   a - +0 war axe
rCold    . . .     Faith    .   c - +0 kite shield
rNeg     + . .     Spirit   .   b - +0 scale mail
rPois    .         Reflect  .   (helmet restricted)
rElec    .         Harm     .   (no cloak)
rCorr    .         Rampage  .   (no gloves)
Will     .....                  (no boots)
Stlth    ..........             (no amulet)
HPRegen  0.11/turn              j - ring of positive energy
MPRegen  0.08/turn              s - ring of protection from fire

@: no status effects
A: retaliatory headbutt, horns 2
a: Renounce Religion


You were on level 3 of the Dungeon.
You worshipped Qazlal.
Qazlal was aware of your devotion.
You visited 1 branch of the dungeon, and saw 3 of its levels.

You collected 161 gold pieces.

Inventory:

Hand Weapons
 a - a +0 war axe (weapon)
Armour
 b - a +0 scale mail (worn)
 c - a +0 kite shield (worn)
Jewellery
 j - a ring of positive energy (left hand)
 s - a ring of protection from fire (right hand)
Scrolls
 g - 3 scrolls of identify {unknown}
 h - 4 scrolls of remove curse {unknown}
 i - 2 scrolls of enchant armour {unknown}
 k - 2 scrolls of fear {unknown}
 l - 2 scrolls of teleportation {unknown}
 o - a scroll of enchant weapon {unknown}
 q - a scroll of random uselessness {unknown}
Potions
 d - 2 potions of might
 e - a potion of haste {unknown}
 f - a potion of flight {unknown}
 m - a potion of attraction {unknown}
 n - 2 potions of degeneration {unknown}
 p - a potion of brilliance {unknown}
 r - a potion of curing {unknown}


   Skills:
 + Level 4.4 Fighting
 - Level 2.4 Axes
 + Level 4.4 Armour
 + Level 4.4 Shields


You had 2 spell levels left.
You didn't know any spells.
Your spell library was empty.

Dungeon Overview and Level Annotations

Branches:
Dungeon (3/15)

Altars:
Qazlal


Innate Abilities, Weirdness & Mutations

You reflexively headbutt those who attack you in melee.
You have a pair of horns on your head.


Message History

Your shield and scale mail prevent you from hitting the gnoll.
You block the gnoll's attack. The gnoll completely misses you.
You block the gnoll's attack.
You closely miss the gnoll.
The gnoll is moderately wounded.
You hit the gnoll.
The gnoll hits you from afar with a +1 spear of freezing.
The gnoll freezes you.
* * * LOW HITPOINT WARNING * * *
The gnoll barely misses you. The gnoll hits you with a +0 club!
* * * LOW HITPOINT WARNING * * *
You block the gnoll's attack.
You are too injured to fight recklessly!
You are too injured to fight recklessly!
You are too injured to fight recklessly!
You are too injured to fight recklessly!
You are too injured to fight recklessly!
You block the gnoll's attack. x2
The gnoll hits you with a +1 spear of freezing!
You die...

#............########
#.#####.##..##
#.##..###### #
#..........#
##.########..####.
.............#
#....[....#.##
#......g..#.#
#......@g.#.#
......g.....#
#.........###
........$.#
#.........#
#.........#
#####.##### #.


You could see 3 gnolls.

Vanquished Creatures
  An adder (D:2)
  2 worms (D:2)
  2 dart slugs (D:1)
  A bat (D:3)
  4 giant cockroaches
  9 goblins
  6 hobgoblins
  2 jackals (D:2)
  2 ball pythons (D:1)
  2 frilled lizards (D:2)
  4 rats
35 creatures vanquished.

Notes
Turn   | Place    | Note
-------+----------+-------------------------------------------
     0 | D:1      | Destapler the Minotaur Fighter began the quest for the Orb.
     0 | D:1      | Reached XP level 1. HP: 19/19 MP: 0/0
   324 | D:1      | Reached XP level 2. HP: 27/27 MP: 1/1
  1100 | D:2      | Reached XP level 3. HP: 22/33 MP: 2/2
  1414 | D:2      | Found a faded altar of an unknown god.
  1492 | D:2      | Became a worshipper of Qazlal Stormbringer
  1492 | D:2      | Reached * piety under Qazlal
  1886 | D:3      | Slain by a gnoll

Illustrated notes

Levels and vault maps discovered:
D:1:      sevenhm_arrival_forest_fort_small_3, layout_loops_ring,
          chequers_serial_rivers_small_a, chequers_serial_rivers_marsh,
          minmay_hedge_maze
D:2:      layout_basic, chequers_ecumenical_altar_grove
D:3:      layout_loops_ring, fedhas_altar_2, kennysheep_crisscross,
          roderic_roman_lattice

Skill      XL: |  1  2 |
---------------+-------+-----
Armour         | 4 |  4.4
Fighting       | 4 |  4.4
Shields        | 4 |  4.4
Axes           | |  2.4

Action                   || total
-------------------------++-------
Melee: War axe           ||   138
       Headbutt          ||    15
Armor: Scale mail        ||    46
Dodge: Dodged            ||    35
Block: Kite shield       ||    71
